 Dungeon Crawl Stone Soup version 0.24-a0-499-g1074bba3cf (webtiles) character file.

Game seed: 2216783570128336557

442268 KristoblXynda the Eclecticist (level 23, -10/269 HPs)
             Began as a Pale Draconian Gladiator on July 14, 2019.
             Was the Champion of Ashenzari.
             Mangled by Mennas
             ... wielding a +5 trishula of holy wrath
              (22 damage)
             ... on level 4 of the Vaults.
             The game lasted 02:54:07 (53419 turns).

KristoblXynda the Eclecticist (DrGl)               Turns: 53419, Time: 02:54:07

Health: -10/269    AC: 30    Str: 20    XL:     23   Next: 4%
Magic:  42/42      EV: 24    Int: 16    God:    Ashenzari [******]
Gold:   2324       SH: 10    Dex: 11    Spells: 29/53 levels left

rFire    . . .     SeeInvis +   B - +8 scimitar "Ussua" {slice, rElec rC+ Dex-3} (curse)
rCold    + . .     Gourm    .   o - +3 buckler "Norayn" {MR+ Regen+} (curse)
rNeg     + . .     Faith    .   (armour unavailable)
rPois    ∞         Spirit   .   k - +2 hat (curse)
rElec    +         Reflect  .   V - scarf {repulsion} (curse)
rCorr    .         Harm     .   (gloves currently unavailable)
MR       ++++.     Clarity  +   (boots currently unavailable)
Stlth    ++........             L - amulet of Vitality {Regen+ HP+15} (curse)
HPRegen  1.34/turn              M - +3 ring of evasion (curse)
MPRegen  0.28/turn              v - ring "Heecvy" {MR+ Str+4} (curse)

@: statue-form, glowing, silenced, repel missiles, very slow
A: (breathe steam), unfitting armour, horns 1, magic resistance 1, electricity
resistance, weak 1, wild magic 1, cold-blooded, MP-powered wands, AC +11
}: 2/15 runes: decaying, gossamer
a: End Transformation, Renounce Religion


You were on level 4 of the Vaults.
You worshipped Ashenzari.
Ashenzari was exalted by your worship.
You were hungry.
You were a stone statue.
You visited 9 branches of the dungeon, and saw 40 of its levels.
You also visited: Sewer, Ossuary, Gauntlet, Wizlab and Desolation.

You collected 4463 gold pieces.
You spent 2139 gold pieces at shops.

Inventory:

Hand Weapons
 B - the cursed +8 scimitar "Ussua" (weapon) {slice, rElec rC+ Dex-3}
   (You found it on level 1 of the Spider Nest)

   It inflicts extra damage upon your enemies.
   It affects your dexterity (-3).
   It protects you from cold.
   It insulates you from electricity.
   It has a curse placed upon it.
Missiles
 c - 2 throwing nets (quivered)
Armour
 k - a cursed +2 hat (worn)
 o - the cursed +3 buckler "Norayn" (worn) {MR+ Regen+}
   (You took it off a minotaur in a Gauntlet)

   It affects your resistance to hostile enchantments.
   It increases your rate of regeneration.
   It has a curse placed upon it.
 q - a cursed +2 pair of gloves (melded)
 N - the cursed +2 pair of boots of the Assassin (melded) {Detection Stab+ Stlth++}
   (You found it on level 13 of the Dungeon)

   It makes you much more stealthy.
   It has a curse placed upon it.
 V - a cursed scarf of repulsion (worn)
Jewellery
 v - the cursed ring "Heecvy" (right hand) {MR+ Str+4}
   (You found it in the Desolation of Salt)

   [ring of protection from magic]

   It affects your strength (+4).
   It affects your resistance to hostile enchantments.
   It has a curse placed upon it.
 G - an uncursed ring of protection from magic
 L - the cursed amulet of Vitality (around neck) {Regen+ HP+15}
   (You found it in a Gauntlet)

   [amulet of regeneration]

   It affects your health (+15).
   It increases your rate of regeneration.
   It has a curse placed upon it.
 M - a cursed +3 ring of evasion (left hand)
 S - an uncursed ring of wizardry
Wands
 n - a wand of acid (19)
 C - a wand of iceblast (11)
 D - a wand of disintegration (13)
Scrolls
 b - 3 scrolls of brand weapon
 e - 17 scrolls of teleportation
 f - 9 scrolls of remove curse
 g - 3 scrolls of blinking
 j - 23 scrolls of identify
 p - 3 scrolls of amnesia
 s - 2 scrolls of enchant armour
 t - 5 scrolls of magic mapping
 y - 4 scrolls of fog
 E - a scroll of holy word
 I - a scroll of immolation
 Q - 3 scrolls of summoning
Potions
 a - 5 potions of mutation
 h - a potion of might
 i - 9 potions of magic
 m - 5 potions of resistance
 r - 12 potions of curing
 w - 8 potions of flight
 x - 5 potions of brilliance
 H - 8 potions of cancellation
 J - 2 potions of ambrosia
 K - 3 potions of heal wounds
 O - 3 potions of haste
 R - 3 potions of agility
Miscellaneous
 l - a fan of gales
 u - a lamp of fire (inert)
 z - a crystal ball of energy
 A - 2 boxes of beasts
 Y - a phial of floods
Comestibles
 d - 62 rations


   Skills:
 + Level 13.0 Fighting
 - Level 14.0(18.0) Long Blades
 - Level 2.0 Throwing
 - Level 13.5(17.6) Dodging
 - Level 5.0(9.4) Stealth
 - Level 12.3(15.0) Shields
 + Level 15.8 Spellcasting
 - Level 10.0(14.3) Conjurations
 - Level 10.0(14.3) Charms
 - Level 10.0(14.3) Necromancy
 + Level 13.0(17.1) Transmutations
 - Level 10.6(14.8) Air Magic
 - Level 10.0(14.3) Earth Magic
 - Level 11.4(15.6) Evocations


You had 29 spell levels left.
You knew the following spells:

 Your Spells              Type           Power        Failure   Level  Hunger
a - Petrify               Tmut/Erth      ######..     1%          4    None
b - Regeneration          Chrm/Necr      ######....   1%          3    None
c - Statue Form           Tmut/Erth      ######...    2%          6    #####..
d - Deflect Missiles      Chrm/Air       ######....   3%          6    #####..
e - Fireball              Conj/Fire      #####.....   10%         5    ####...

Your spell library contained the following spells:

 Spells                   Type           Power        Failure   Level  Hunger
 Animate Skeleton         Necr           N/A          1%          1    None
 Flame Tongue             Conj/Fire      #####        1%          1    None
 Infusion                 Chrm           ####         1%          1    None
 Magic Dart               Conj           ####         1%          1    None
 Pain                     Necr           ####         1%          1    None
 Shock                    Conj/Air       ####         1%          1    None
 Searing Ray              Conj           ######       1%          2    None
 Shroud of Golubria       Chrm/Tloc      #####.       1%          2    None
 Song of Slaying          Chrm           ######..     1%          2    None
 Swiftness                Chrm/Air       ######..     1%          2    None
 Throw Flame              Conj/Fire      #####.       1%          2    None
 Conjure Flame            Conj/Fire      #####...     1%          3    None
 Dazzling Spray           Conj/Hex       #####.       1%          3    None
 Mephitic Cloud           Conj/Pois/Air  ######..     1%          3    None
 Ozocubu's Armour         Chrm/Ice       #####...     1%          3    None
 Spectral Weapon          Hex/Chrm       #####...     1%          3    None
 Static Discharge         Conj/Air       ######..     1%          3    None
 Vampiric Draining        Necr           ######....   1%          3    None
 Airstrike                Air            ######....   1%          4    None
 Animate Dead             Necr           N/A          1%          4    None
 Iskenderun's Mystic Bla  Conj           ######..     1%          4    None
 Excruciating Wounds      Chrm/Necr      ######....   1%          5    ####...
 Irradiate                Conj/Tmut      ######....   1%          5    ####...
 Iskenderun's Battlesphe  Conj/Chrm      ######..     1%          5    ####...
 Lightning Bolt           Conj/Air       ######....   1%          5    ####...
 Hydra Form               Tmut           ######....   1%          6    #####..
 Ignite Poison            Fire/Tmut/Pois #####...     2%          3    None
 Force Lance              Conj/Tloc      #####...     4%          4    None
 Fulminant Prism          Conj/Hex       #####.....   4%          4    None
 Leda's Liquefaction      Hex/Erth       #####.....   4%          4    None
 Sticky Flame             Conj/Fire      #####...     4%          4    None
 Bolt of Magma            Conj/Fire/Erth ######....   4%          5    ####...
 Iron Shot                Conj/Erth      ######....   4%          6    #####..
 Confusing Touch          Hex            ###...       6%          1    None
 Corona                   Hex            ###....      6%          1    None
 Yara's Violent Unravell  Hex/Tmut       ######....   6%          5    ####...
 Dragon Form              Tmut           ######....   6%          7    #######
 Blink                    Tloc           N/A          10%         2    None
 Call Imp                 Summ           ###.....     10%         2    None
 Ensorcelled Hibernation  Hex/Ice        ###...       10%         2    None
 Slow                     Hex            ###.....     10%         2    None
 Silence                  Hex/Air        #####.....   10%         5    ####...
 Venom Bolt               Conj/Pois      #####.....   10%         5    ####...
 Confuse                  Hex            ###.....     17%         3    None
 Gell's Gravitas          Tloc           ###.......   17%         3    None
 Inner Flame              Hex/Fire       ###.....     17%         3    None
 Portal Projectile        Hex/Tloc       ###...       17%         3    None
 Recall                   Summ/Tloc      N/A          17%         3    None
 Summon Guardian Golem    Hex/Summ       ###.....     17%         3    None
 Orb of Destruction       Conj           ######....   17%         7    #######
 Bolt of Fire             Conj/Fire      #####.....   43%         6    #####..
 Cause Fear               Hex            ###.......   45%         4    None
 Aura of Abjuration       Summ           ###.......   78%         5    ####...
 Metabolic Englaciation   Hex/Ice        ###.......   78%         5    ####...
 Summon Demon             Summ           ###.......   78%         5    ####...
 Summon Forest            Summ/Tloc      ###.......   78%         5    ####...
 Summon Mana Viper        Hex/Summ       ###.....     78%         5    ####...
 Ring of Flames           Chrm/Fire      #####.....   93%         7    #######
 Spellforged Servitor     Conj/Summ      #####.....   93%         7    #######
 Shadow Creatures         Summ           N/A          100%        6    #####..
 Discord                  Hex            ###.......   100%        8    #######
 Ignition                 Fire           ###.......   100%        8    #######
 Shatter                  Erth           ######....   100%        9    #######


Dungeon Overview and Level Annotations

Branches:
Dungeon (15/15)            Temple (1/1) D:4            Lair (6/6) D:8
  Swamp (4/4) Lair:4       Spider (4/4) Lair:2        Slime (0/5) Lair:5
    Orc (2/2) D:12            Elf (2/3) Orc:2        Vaults (4/5) D:13
  Crypt (0/3) Vaults:3     Depths (2/5) D:15

Altars:
Ashenzari
Cheibriados
Dithmenos
Elyvilon
Fedhas
Gozag
Hepliaklqana
Kikubaaqudgha
Makhleb
Nemelex Xobeh
Okawaru
Qazlal
Ru
Sif Muna
Trog
Uskayaw
Vehumet
Wu Jian
Xom
Yredelemnul
Zin
The Shining One
Beogh
Jiyva

Shops:
D:11 }}   D:12 !   D:13 :*}}   Orc:2 :[[((}   Vaults:2 (   Vaults:3 }*[

Portals:
Hell: Depths:1 Depths:2
Pandemonium: Depths:1
Ziggurat: Depths:1

Annotations:
D:4 2 transporters, zkyp's ghost, novice OpGl
D:15 36 runed doors
Lair:6 1 runed translucent door
Elf:2 3 runed translucent doors
Vaults:4 Mennas


Innate Abilities, Weirdness & Mutations

((You can breathe blasts of scalding, opaque steam.))
((Your pale cyan-grey scales are hard. (AC +11)))
You cannot fit into any form of body armour.
You are cold-blooded and may be slowed by cold attacks.
You have a pair of small horns on your head.
You are resistant to hostile enchantments. (MR+)
You are resistant to electric shocks. (rElec)
You are weak. (Str -2)
Your spells are a little harder to cast, but a little more powerful.
You expend magic power (3 MP) to strengthen your wands.


Message History

Mennas blocks your attack.
Mennas is severely wounded.
Mennas is engulfed in blazing flames.
Mennas hits you with a +5 trishula of holy wrath!!
* * * LOW HITPOINT WARNING * * *
Mennas barely misses you.
You slash Mennas! Your headbutt misses Mennas.
Mennas is severely wounded.
Mennas is engulfed in blazing flames.
Mennas hits you but does no damage.
Mennas hits you with a +5 trishula of holy wrath!
* * * LOW HITPOINT WARNING * * *
Mennas is engulfed in blazing flames.
Mennas barely misses you. Mennas hits you but does no damage.
Mennas hits you from afar with a +5 trishula of holy wrath!!
* * * LOW HITPOINT WARNING * * *
Mennas hits you from afar with a +5 trishula of holy wrath!!
* * * LOW HITPOINT WARNING * * *
Mennas is engulfed in blazing flames.
Mennas hits you from afar with a +5 trishula of holy wrath!!
You die...

.'....'..#...........#
*, ,,
.'....'..#...........#
.#....#..#...........#
* ,,
#######..##'##########
, ,, #.......##..### **
***** +
#.......##....### *, *
* , #########.......###
,,e** **,, *#.........#
*,... ** ,
#.......8..#*#{...,,,,
*#.........##T.....,,,
,,,
#...<.....☼AeeT....,,,,
, #.........##epe☼...,
,,, ###.......# OT)...A
, , * *
**###....##*#.....O,
,,, *, , ,* ###..#
*##....,, ,, *, , ,
###* ...., * , *,...**
**,,


You could see Mennas, an ironheart preserver, 2 deep elf archers, a deep elf
knight, a deep troll earth mage and an ogre.

Vanquished Creatures
  Margery (Vaults:3)
  Saint Roka (Depths:1)
  Nikola (Depths:2)
  A lich (Vaults:3)
  Jorgrun (D:13)
  A tentacled monstrosity (Vaults:3)
  The ghost of KristoblXynda the Carver, an adept DrGl of Ashenzari (Vaults:1)
  The ghost of KristoblXynda the Wallflower, an adept DrGl of Uskayaw (Vaults:1)
  3 tengu reavers
  3 thorn hunters
  Frances (Spider:1)
  Roxanne (Spider:1)
  12 vault wardens
  A fire giant (Vaults:2)
  A deep elf sorcerer (Vaults:1)
  4 imperial myrmidons (Desolation)
  4 ghost moths
  Louise (Swamp:2)
  Aizul (Vaults:1)
  2 angels (Elf:1)
  5 emperor scorpions
  A reaper (Depths:1)
  16 ironheart preservers
  An orc warlord (Orc:2)
  A war gargoyle (Vaults:1)
  3 entropy weavers
  4 very ugly things
  10 stone giants
  Azrael (Spider:1)
  A deep elf demonologist (Vaults:4)
  7 dire elephants (Depths:2)
  A minotaur (Gauntlet)
  4 spark wasps
  A spark wasp (shapeshifter) (Elf:1)
  2 deep elf annihilators (Elf:1)
  3 crystal guardians (Desolation)
  2 fire dragons (Depths:2)
  2 deep elf death magi
  3 ettins
  Josephine (Orc:2)
  18 ogre magi
  6 yaktaur captains
  The ghost of Nuelouf the Champion of Chaos, a journeyman HOMo of Makhleb (Orc:1)
  7 vault guards
  The ghost of Xysuja Ciut the Destroyer, a journeyman NaFE of Cheibriados (Lair:1)
  10 servants of whispers (Desolation)
  5 great orbs of eyes
  4 rakshasas
  2 ragged hierophants (Desolation)
  2 ice dragons
  2 peacekeepers (Desolation)
  25 hydras
  11 centaur warriors
  A death knight (Vaults:1)
  60 two-headed ogres
  2 ghost crabs (Swamp:4)
  3 death yaks (Lair:6)
  3 shambling mangroves
  A spriggan air mage (Depths:2)
  3 deep troll shamans
  A catoblepas (Lair:6)
  12 dancing weapons
  An alligator (shapeshifter) (Depths:2)
  12 alligators
  6 tengu warriors
  The ghost of Yorgos the Cleaver, a novice DsFi of Qazlal (D:9)
  A vampire mage (D:15)
  8 death scarabs (Spider:4)
  Urug (Lair:1)
  6 spriggan berserkers
  3 deep troll earth magi (Vaults:3)
  4 orc high priests
  An iron troll (D:13)
  10 deep elf knights
  9 spriggans
  A spectral emperor scorpion (Spider:4)
  5 hell knights (Vaults:3)
  A wretched star (Gauntlet)
  A fire crab (shapeshifter) (Elf:2)
  2 skeletal warriors (D:15)
  11 unseen horrors
  15 deep elf archers
  10 swamp dragons
  3 glowing orange brains
  8 deep trolls
  2 wizards
  Pikel (D:8)
  2 orange crystal statues
  8 ironbrand convokers
  A phantasmal warrior (Vaults:3)
  A flayed ghost (Vaults:3)
  4 harpies (Vaults:3)
  2 wolf spider zombies (Spider:4)
  4 necromancers
  15 orc knights
  A lindwurm (Lair:6)
  6 oklob plants
  7 orb spiders
  45 deep elf magi
  28 wolf spiders
  10 cyclopes
  6 manticores
  5 orc sorcerers
  A tengu skeleton (D:15)
  A glowing shapeshifter (Vaults:3)
  9 moths of wrath
  27 ugly things
  5 black mambas
  6 elephants
  10 vault sentinels
  A molten gargoyle (Desolation)
  A guardian serpent (shapeshifter) (D:14)
  10 torpor snails
  2 smoke demons (Depths:1)
  25 spiny frogs
  2 human zombies (Vaults:1)
  4 freezing wraiths
  23 demonic crawlers
  A rime drake (Lair:4)
  3 kobold demonologists
  A komodo dragon (shapeshifter) (D:15)
  2 yaktaur zombies
  6 komodo dragons
  33 yaktaurs
  2 spectral redbacks (Spider:4)
  4 redback zombies
  2 yaktaurs (shapeshifter)
  2 tengu conjurers
  A harpy zombie (D:14)
  5 trolls
  3 meliai (Lair:5)
  18 tyrant leeches
  A queen bee (Lair:5)
  30 hornets
  28 jumping spiders
  31 saltlings (Desolation)
  A polar bear (shapeshifter) (D:15)
  A meliai (shapeshifter) (Vaults:3)
  3 spectral jumping spiders (Spider:4)
  2 spectral tarantellas (Spider:4)
  12 dream sheep
  8 bog bodies
  9 hippogriffs
  A hornet (shapeshifter) (D:9)
  3 tarantella zombies (Spider:4)
  13 slime creatures
  A stone giant simulacrum (Vaults:1)
  8 blink frogs
  A jumping spider zombie (Spider:4)
  A flying skull (Vaults:3)
  A small abomination (Gauntlet)
  A centaur simulacrum (Gauntlet)
  Sigmund (D:4)
  2 water elementals
  3 wyverns
  81 redbacks
  An air elemental (Elf:1)
  A fire dragon skeleton (D:15)
  31 tarantellas
  10 wraiths
  3 shadows
  Eustachio (D:5)
  A fire elemental (Elf:1)
  20 yaks
  A hungry ghost (D:11)
  3 neqoxecs
  3 basilisks
  6 wargs
  15 vampire mosquitoes
  19 swamp worms
  4 insubstantial wisps (Swamp:1)
  4 hell hounds (Spider:1)
  A tengu zombie (D:15)
  12 porcupines
  5 acid dragons
  7 water moccasins
  A spectral hornet (Spider:4)
  A floating eye (Lair:4)
  A meliai simulacrum (Gauntlet)
  13 swamp drakes
  2 hornet zombies
  53 orc warriors
  5 black bears
  39 ogres
  4 ice beasts
  2 phantoms
  A tengu (shapeshifter) (D:9)
  An eye of draining (D:14)
  5 boggarts (Vaults:3)
  28 centaurs
  17 wolves
  A human skeleton (Vaults:1)
  An elf simulacrum (Vaults:1)
  11 crocodiles
  8 big kobolds
  11 bullfrogs
  An earth elemental (Elf:1)
  2 wyvern zombies
  3 scorpions
  16 killer bees (Lair:5)
  8 wights
  7 howler monkeys
  9 electric eels
  2 centaur zombies
  A quasit (D:10)
  4 bullfrog zombies
  8 crimson imps
  6 hounds
  4 jellies
  22 orc priests
  4 centaur skeletons
  An iron imp (Depths:2)
  A bullfrog skeleton (D:11)
  Crazy Yiuf (D:2)
  4 iguanas
  Natasha (twice) (D:3)
  3 hell rats
  30 orc wizards
  A statue (D:6)
  8 worker ants
  A bullfrog simulacrum (Gauntlet)
  A hound skeleton (D:7)
  8 mummies (Ossuary)
  A worker ant zombie (D:5)
  3 gnolls (D:8)
  14 river rats
  A river rat (shapeshifter) (D:9)
  14 adders
  2 shadow imps (D:11)
  A worker ant simulacrum (D:11)
  An ooze (D:2)
  An adder zombie (D:5)
  3 adder skeletons
  3 worms
  2 dart slugs
  8 leopard geckos
  114 orcs
  5 ball pythons
  5 bats
  10 giant cockroaches
  A gnoll zombie (Ossuary)
  4 goblins (D:1)
  7 hobgoblins
  4 jackals (D:4)
  2 quokkas
  5 frilled lizards
  A hobgoblin zombie (Ossuary)
  43 kobolds
  5 kobold zombies (Ossuary)
  An orc zombie (Ossuary)
  A quokka skeleton (D:8)
  A quokka zombie (D:10)
  12 rats
  6 briar patches
  A fungus (Lair:5)
  4 plants
  A withered plant (D:15)
1810 creatures vanquished.

Vanquished Creatures (collateral kills)
  A hornet (Depths:2)
1 creature vanquished.

Vanquished Creatures (others)
  Asterion (Depths:2)
  An ettin (Depths:2)
  An ogre mage (Vaults:3)
  3 ogres
  A worker ant (D:8)
  87 fungi
  81 plants
175 creatures vanquished.

Grand Total: 1986 creatures vanquished

Notes
Turn   | Place    | Note
-------+----------+-------------------------------------------
     0 | D:1      | KristoblXynda the Draconian Gladiator began the quest for
                  | the Orb.
     0 | D:1      | Reached XP level 1. HP: 17/17 MP: 1/1
   327 | D:1      | Reached XP level 2. HP: 22/24 MP: 2/2
   926 | D:2      | Reached XP level 3. HP: 30/30 MP: 3/3
  1239 | D:2      | Found a basalt altar of Yredelemnul.
  1240 | D:2      | Found a white marble altar of Elyvilon.
  1462 | D:2      | Found a burning altar of Makhleb.
  1465 | D:2      | Found a deep blue altar of Sif Muna.
  1468 | D:2      | Found an iron altar of Okawaru.
  1625 | D:2      | Found a runed translucent door.
  1626 | D:2      | Noticed Crazy Yiuf
  2015 | D:2      | Killed Crazy Yiuf
  2015 | D:2      | Reached XP level 4. HP: 26/37 MP: 4/4
  2495 | D:3      | Noticed Natasha
  2501 | D:3      | Killed Natasha
  2960 | D:3      | Noticed Natasha
  2970 | D:3      | Killed Natasha
  2970 | D:3      | Reached XP level 5. HP: 13/45 MP: 5/5
  3404 | D:4      | Noticed Sigmund
  3423 | D:4      | Killed Sigmund
  3423 | D:4      | Reached skill level 5 in Long Blades
  3423 | D:4      | Reached skill level 1 in Shields
  3423 | D:4      | Reached XP level 6. HP: 29/51 MP: 6/6
  3768 | D:4      | Found a transporter.
  3775 | D:4      | Found a transporter.
  3775 | D:4      | Identified the cursed +3 dire flail of the King {flame,
                  | *Drain +Inv rPois SInv}
  3777 | D:4      | Noticed zkyp's ghost (novice OpGl)
  3791 | D:4      | Found a staircase to the Ecumenical Temple.
  3832 | Temple   | Entered the Ecumenical Temple
  3838 | Temple   | Became a worshipper of Ashenzari the Shackled
  4484 | D:5      | Entered Level 5 of the Dungeon
  4571 | D:5      | Noticed Eustachio
  4600 | D:5      | Killed Eustachio
  4600 | D:5      | Your scales start taking on a pale cyan-grey colour.
  4600 | D:5      | Reached XP level 7. HP: 50/57 MP: 7/7
  5252 | D:6      | Found a glowing golden altar of the Shining One.
  5346 | D:6      | Reached skill level 5 in Dodging
  5370 | D:6      | Reached XP level 8. HP: 61/63 MP: 8/8
  5393 | D:6      | Found a glowing drain.
  5397 | Sewer    | Entered a sewer
  6069 | D:6      | Found a glowing silver altar of Zin.
  6653 | D:6      | Found a radiant altar of Vehumet.
  7295 | D:7      | Reached skill level 5 in Shields
  7340 | D:7      | Reached XP level 9. HP: 57/70 MP: 9/9
  7376 | D:7      | Reached * piety under Ashenzari
  7394 | D:7      | Found an opulent altar of Gozag.
  7490 | D:8      | Found a sand-covered staircase.
  7528 | Ossuary  | Entered an ossuary
  8097 | D:8      | Noticed Pikel
  8170 | D:8      | Killed Pikel
  8387 | D:8      | Reached skill level 10 in Long Blades
  8391 | D:8      | Found a staircase to the Lair.
  8991 | D:9      | Noticed a two-headed ogre
  8996 | D:9      | Noticed a two-headed ogre
  9009 | D:9      | Killed a two-headed ogre
  9009 | D:9      | Reached XP level 10. HP: 64/80 MP: 10/10
  9023 | D:9      | Killed a two-headed ogre
  9023 | D:9      | Reached skill level 5 in Fighting
  9245 | D:9      | Reached ** piety under Ashenzari
  9324 | D:9      | Found a runed translucent gate.
  9324 | D:9      | Found a runed translucent gate.
  9325 | D:9      | Noticed a white ugly thing
  9325 | D:9      | Noticed a green ugly thing
  9326 | D:9      | Found a runed translucent gate.
  9326 | D:9      | Noticed a cyan very ugly thing
  9326 | D:9      | Noticed a cyan ugly thing
  9328 | D:9      | Noticed a green ugly thing
  9329 | D:9      | Noticed a purple ugly thing
  9329 | D:9      | Noticed a glowing orange brain
  9481 | D:10     | Entered Level 10 of the Dungeon
  9545 | D:10     | Reached skill level 1 in Evocations
  9998 | D:10     | Noticed a two-headed ogre
 10003 | D:10     | Killed a two-headed ogre
 10012 | D:10     | Learned a level 4 spell: Petrify
 10251 | D:10     | Noticed an unseen horror
 10265 | D:10     | Killed an unseen horror
 10383 | D:10     | Reached XP level 11. HP: 80/86 MP: 14/14
 10646 | D:11     | Noticed an orc knight
 10646 | D:11     | Noticed an ogre mage
 10646 | D:11     | Noticed a red ugly thing
 10647 | D:11     | Noticed a deep elf knight
 10668 | D:11     | Killed a red ugly thing
 10670 | D:11     | Reached skill level 5 in Evocations
 10674 | D:11     | Killed a deep elf knight
 10992 | D:11     | Killed an ogre mage
 11025 | D:11     | Killed an orc knight
 11334 | D:11     | Found Wamn's Gadget Emporium.
 11345 | D:11     | Bought a wand of paralysis (5) for 112 gold pieces
 11345 | D:11     | Bought a wand of iceblast (8) for 192 gold pieces
 11378 | D:11     | Found Enkic's Gadget Boutique.
 11379 | D:11     | Paralysed by a crimson imp for 2 turns
 11405 | D:11     | Bought a lamp of fire for 600 gold pieces
 11953 | D:12     | Found a gate leading to a gauntlet.
 11968 | Gauntlet | Entered a Gauntlet
 11968 | Gauntlet | Found a transporter.
 11968 | Gauntlet | Found a transporter.
 11968 | Gauntlet | Found a transporter.
 11968 | Gauntlet | Found a transporter.
 11973 | Gauntlet | Found a transporter.
 11973 | Gauntlet | Found a transporter.
 11983 | Gauntlet | Found a transporter.
 11987 | Gauntlet | Found a transporter.
 11989 | Gauntlet | Found a large runed translucent door.
 11990 | Gauntlet | Found a large runed translucent door.
 11991 | Gauntlet | Found a large runed translucent door.
 11991 | Gauntlet | Found a large runed translucent door.
 11991 | Gauntlet | Found a runed translucent door.
 11992 | Gauntlet | Found a large runed translucent door.
 11993 | Gauntlet | Found a large runed translucent door.
 11994 | Gauntlet | Found a large runed translucent door.
 11994 | Gauntlet | Found a large runed translucent door.
 11995 | Gauntlet | Found a runed translucent gate.
 11997 | Gauntlet | Found a transporter.
 11998 | Gauntlet | Found the amulet of Vitality {Regen+ HP+15}
 12025 | Gauntlet | Reached *** piety under Ashenzari
 12101 | Gauntlet | Found a transporter.
 12102 | Gauntlet | Identified the ring "Xajuhaad" {SInv Stlth+}
 12103 | Gauntlet | Found a transporter.
 12103 | Gauntlet | Found a large runed translucent door.
 12104 | Gauntlet | Found a large runed translucent door.
 12105 | Gauntlet | Found a large runed translucent door.
 12105 | Gauntlet | Found a large runed translucent door.
 12105 | Gauntlet | Found a runed translucent door.
 12106 | Gauntlet | Found a large runed translucent door.
 12107 | Gauntlet | Found a large runed translucent door.
 12108 | Gauntlet | Found a large runed translucent door.
 12108 | Gauntlet | Found a large runed translucent door.
 12109 | Gauntlet | Found a runed translucent gate.
 12109 | Gauntlet | Found a runed translucent gate.
 12110 | Gauntlet | Noticed a wretched star
 12111 | Gauntlet | Found a transporter.
 12241 | Gauntlet | Reached skill level 1 in Transmutations
 12379 | Gauntlet | Killed a wretched star
 12591 | Gauntlet | Identified the +3 buckler "Norayn" {MR+ Regen+}
 12591 | Gauntlet | Noticed a minotaur
 12627 | Gauntlet | Killed a minotaur
 12822 | Gauntlet | Identified the +0 longbow of Dawn {velocity, rN+ MR- Dex+2}
 12826 | Gauntlet | Identified the Papyrus of Talismans
 12912 | D:12     | Noticed a two-headed ogre
 12914 | D:12     | Reached XP level 12. HP: 69/84 MP: 16/16
 12920 | D:12     | Noticed a two-headed ogre
 12929 | D:12     | Killed a two-headed ogre
 13209 | D:12     | Found Buuraufe's Distillery.
 13254 | D:12     | Killed a two-headed ogre
 13423 | D:12     | Found a staircase to the Orcish Mines.
 13433 | D:12     | Reached skill level 10 in Shields
 13717 | D:13     | Noticed a centaur warrior
 13727 | D:13     | Noticed a centaur warrior
 13738 | D:13     | Reached skill level 10 in Dodging
 13740 | D:13     | Killed a centaur warrior
 13749 | D:13     | Reached skill level 1 in Spellcasting
 13750 | D:13     | Killed a centaur warrior
 14080 | D:13     | Reached skill level 2 in Spellcasting
 14145 | D:13     | Reached skill level 5 in Transmutations
 14209 | D:13     | Noticed a two-headed ogre
 14217 | D:13     | Killed a two-headed ogre
 14230 | D:13     | Found a gate to the Vaults.
 14310 | D:13     | Learned a level 3 spell: Regeneration
 14359 | D:13     | Found Woatiut's Gadget Shop.
 14360 | D:13     | Found Ymoyti Epna's Book Emporium.
 14395 | D:13     | Reached skill level 3 in Spellcasting
 14575 | D:13     | Noticed Jorgrun
 14829 | Lair:1   | Entered Level 1 of the Lair of Beasts
 14846 | Lair:1   | Found a runed translucent gate.
 14863 | Lair:1   | Found a runed translucent gate.
 14864 | Lair:1   | Found a runed translucent gate.
 14866 | Lair:1   | Noticed Xysuja Ciut's ghost (journeyman NaFE)
 14904 | Lair:1   | Killed Xysuja Ciut's ghost
 14911 | Lair:1   | Reached XP level 13. HP: 81/104 MP: 18/18
 14955 | Lair:1   | Noticed Urug
 14993 | Lair:1   | Killed Urug
 15728 | Lair:2   | Found a hole to the Spider Nest.
 15797 | Lair:2   | Reached skill level 4 in Spellcasting
 15912 | Lair:2   | Reached **** piety under Ashenzari
 16689 | Lair:3   | Identified a scroll of acquirement
 18189 | Lair:4   | Reached skill level 5 in Spellcasting
 18636 | Lair:4   | Reached ***** piety under Ashenzari
 18693 | Lair:4   | Found a staircase to the Swamp.
 19332 | Lair:5   | Found a viscous altar of Jiyva.
 19333 | Lair:5   | Found a staircase to the Slime Pits.
 19679 | Lair:5   | Reached skill level 6 in Spellcasting
 20310 | Lair:6   | Entered Level 6 of the Lair of Beasts
 20614 | Lair:6   | Identified the amulet "Nuuf Onymink" {Gourm rPois rC++
                  | Str+10 Slay-5}
 20617 | Lair:6   | Reached XP level 14. HP: 118/118 MP: 23/23
 21218 | Lair:6   | Reached skill level 7 in Spellcasting
 21231 | Lair:6   | Reached skill level 10 in Fighting
 21725 | Lair:6   | Reached skill level 1 in Necromancy
 21955 | Lair:6   | Found a runed translucent door.
 22146 | Lair:6   | Paralysed by a hornet for 1 turns
 22733 | D:9      | Killed a purple very ugly thing
 22754 | D:9      | Found a runed translucent gate.
 22754 | D:9      | Found a runed translucent gate.
 22758 | D:9      | Found a runed translucent gate.
 22771 | D:9      | Noticed Yorgos's ghost (novice DsFi)
 22828 | D:9      | Killed Yorgos's ghost
 23122 | D:13     | Killed Jorgrun
 23122 | D:13     | Reached skill level 8 in Spellcasting
 23229 | D:13     | Found Deef Vet's General Store.
 23260 | D:13     | Reached skill level 10 in Evocations
 23353 | D:13     | Found a transporter.
 23354 | D:13     | Noticed a cyan very ugly thing
 23450 | D:13     | Found a transporter.
 23451 | D:13     | Found the +2 pair of boots of the Assassin {Detection Stab+
                  | Stlth++}
 23501 | D:13     | Found Juow's Gadget Shoppe.
 23662 | D:14     | Reached skill level 10 in Transmutations
 23685 | D:14     | Reached skill level 1 in Earth Magic
 23755 | D:14     | Reached XP level 15. HP: 126/126 MP: 27/27
 23763 | D:14     | Learned a level 6 spell: Statue Form
 24311 | D:14     | Reached skill level 1 in Charms
 24716 | D:14     | Found a glowing golden altar of the Shining One.
 25009 | D:15     | Entered Level 15 of the Dungeon
 25132 | D:15     | Reached skill level 5 in Necromancy
 25626 | D:15     | Found a staircase to the Depths.
 25654 | D:15     | Reached skill level 9 in Spellcasting
 26068 | D:15     | Reached skill level 5 in Earth Magic
 26246 | D:15     | Found a huge runed gate.
 26246 | D:15     | Found a huge runed gate.
 26246 | D:15     | Found a huge runed gate.
 26247 | D:15     | Found a huge runed gate.
 26247 | D:15     | Found a huge runed gate.
 26247 | D:15     | Found a huge runed gate.
 26248 | D:15     | Found a huge runed gate.
 26248 | D:15     | Found a huge runed gate.
 26248 | D:15     | Found a huge runed gate.
 26250 | D:15     | Found a huge runed gate.
 26251 | D:15     | Found a huge runed gate.
 26251 | D:15     | Found a huge runed gate.
 26259 | D:15     | Found a huge runed gate.
 26259 | D:15     | Found a huge runed gate.
 26259 | D:15     | Found a huge runed gate.
 26259 | D:15     | Found a huge runed gate.
 26259 | D:15     | Found a huge runed gate.
 26410 | D:15     | Found a huge runed gate.
 26410 | D:15     | Found a huge runed gate.
 26410 | D:15     | Found a huge runed gate.
 26410 | D:15     | Found a huge runed gate.
 26411 | D:15     | Found a huge runed gate.
 26412 | D:15     | Found a huge runed gate.
 26413 | D:15     | Found a huge runed gate.
 26414 | D:15     | Found a huge runed gate.
 26415 | D:15     | Found a huge runed gate.
 26416 | D:15     | Found a huge runed gate.
 26417 | D:15     | Found a huge runed gate.
 26418 | D:15     | Found a huge runed gate.
 26419 | D:15     | Found a huge runed gate.
 26427 | D:15     | Found a huge runed gate.
 26427 | D:15     | Found a huge runed gate.
 26427 | D:15     | Found a huge runed gate.
 26427 | D:15     | Found a huge runed gate.
 26427 | D:15     | Found a huge runed gate.
 26427 | D:15     | Found a huge runed gate.
 26616 | D:15     | Noticed a tengu reaver
 26616 | D:15     | Noticed a fire giant
 26616 | D:15     | Noticed a shadow dragon
 26673 | Depths:1 | Entered Level 1 of the Depths
 26673 | Depths:1 | Found a gateway to Hell.
 26879 | Depths:1 | Found a gateway to a ziggurat.
 27026 | Depths:1 | Noticed a tengu reaver
 27076 | Depths:1 | Killed a tengu reaver
 27246 | Depths:1 | Paralysed by a great orb of eyes for 3 turns
 27405 | Depths:1 | Reached skill level 5 in Charms
 27488 | Depths:1 | Noticed Saint Roka
 27513 | Depths:1 | Killed Saint Roka
 27513 | Depths:1 | Reached XP level 16. HP: 65/134 MP: 29/29
 27642 | Depths:1 | Reached skill level 10 in Spellcasting
 28089 | Depths:1 | Found a one-way gate leading to the halls of Pandemonium.
 28114 | Depths:1 | Paralysed by a great orb of eyes for 6 turns
 28291 | Depths:1 | Reached ****** piety under Ashenzari
 28712 | Orc:1    | Entered Level 1 of the Orcish Mines
 28725 | Orc:1    | Found a runed translucent gate.
 28727 | Orc:1    | Found a runed translucent gate.
 28728 | Orc:1    | Found a runed translucent gate.
 28730 | Orc:1    | Noticed Nuelouf's ghost (journeyman HOMo)
 28731 | Orc:1    | Identified the +7 war axe of Death's Door {freeze, *Corrode
                  | rF+ Stlth+}
 28731 | Orc:1    | Identified the +7 plate armour of Fomib {+Inv rElec rC++
                  | MR+}
 28738 | Orc:1    | Identified the +9 short sword of Xot Raku {venom, SInv}
 28740 | Orc:1    | Found a roughly hewn altar of Beogh.
 28742 | Orc:1    | Identified a +1 pair of boots of running
 29337 | Orc:1    | Killed Nuelouf's ghost
 29653 | Orc:2    | Entered Level 2 of the Orcish Mines
 29863 | Orc:2    | Found a roughly hewn altar of Beogh.
 29935 | Orc:2    | Found Savuming's Gadget Shoppe.
 29943 | Orc:2    | Bought a wand of paralysis (4) for 90 gold pieces
 30214 | Orc:2    | Found Rouquwn's Antique Weapon Emporium.
 30215 | Orc:2    | Found a roughly hewn altar of Beogh.
 30216 | Orc:2    | Found Siobb's Antique Armour Shoppe.
 30268 | Orc:2    | Found Faineolu's Book Shop.
 30331 | Orc:2    | Found a roughly hewn altar of Beogh.
 30652 | Orc:2    | Found a roughly hewn altar of Beogh.
 30706 | Orc:2    | Found Qieq's Antique Armour Shop.
 30718 | Orc:2    | Found a staircase to the Elven Halls.
 30807 | Orc:2    | Bought a runed scarf for 216 gold pieces
 30812 | Orc:2    | Found a roughly hewn altar of Beogh.
 30817 | Orc:2    | Found Lariafai's Food Shoppe.
 30835 | Orc:2    | Bought a ration for 60 gold pieces
 30835 | Orc:2    | Bought a ration for 60 gold pieces
 30835 | Orc:2    | Bought a ration for 60 gold pieces
 30835 | Orc:2    | Bought a ration for 60 gold pieces
 30835 | Orc:2    | Bought a ration for 60 gold pieces
 30835 | Orc:2    | Bought a ration for 60 gold pieces
 30835 | Orc:2    | Bought a ration for 60 gold pieces
 30835 | Orc:2    | Bought a ration for 60 gold pieces
 30835 | Orc:2    | Bought a ration for 60 gold pieces
 30835 | Orc:2    | Bought a ration for 60 gold pieces
 30835 | Orc:2    | Bought a ration for 60 gold pieces
 30835 | Orc:2    | Bought a ration for 60 gold pieces
 30835 | Orc:2    | Bought a ration for 60 gold pieces
 30991 | Orc:2    | Found a roughly hewn altar of Beogh.
 31016 | Orc:2    | Found Xegorghi's Weapon Shop.
 31080 | Orc:2    | Noticed Josephine
 31100 | Orc:2    | Killed Josephine
 31670 | Spider:1 | Entered Level 1 of the Spider Nest
 31708 | Spider:1 | Noticed Azrael
 31736 | Spider:1 | Killed Azrael
 31881 | Spider:1 | Noticed Frances
 31899 | Spider:1 | Gained mutation: Your mind is acute. (Int +2) [a neqoxec]
 31906 | Spider:1 | Gained mutation: You tend to lose your temper in combat. [a
                  | neqoxec]
 31911 | Spider:1 | Killed Frances
 31966 | Spider:1 | Lost mutation: Your mind is acute. (Int +2) [potion of
                  | mutation]
 31966 | Spider:1 | Lost mutation: You tend to lose your temper in combat.
                  | [potion of mutation]
 31966 | Spider:1 | Gained mutation: Your spells are a little harder to cast,
                  | but a little more powerful. [potion of mutation]
 31966 | Spider:1 | Gained mutation: You are resistant to hostile enchantments.
                  | (MR+) [potion of mutation]
 31966 | Spider:1 | Gained mutation: Your body sometimes deteriorates upon
                  | taking damage. [potion of mutation]
 31966 | Spider:1 | Gained mutation: You expend magic power (3 MP) to
                  | strengthen your wands. [potion of mutation]
 31985 | Spider:1 | Lost mutation: Your spells are a little harder to cast, but
                  | a little more powerful. [potion of mutation]
 31985 | Spider:1 | Lost mutation: Your body sometimes deteriorates upon taking
                  | damage. [potion of mutation]
 31985 | Spider:1 | Gained mutation: You are resistant to electric shocks.
                  | (rElec) [potion of mutation]
 31985 | Spider:1 | Gained mutation: You have a pair of small horns on your
                  | head. [potion of mutation]
 31985 | Spider:1 | Gained mutation: You are weak. (Str -2) [potion of
                  | mutation]
 31985 | Spider:1 | Gained mutation: Your spells are a little harder to cast,
                  | but a little more powerful. [potion of mutation]
 32114 | Spider:1 | Noticed Roxanne
 32158 | Spider:1 | Killed Roxanne
 32251 | Spider:1 | Reached XP level 17. HP: 140/140 MP: 26/31
 32258 | Spider:1 | Got the scimitar "Ussua" {slice, rElec rC+ Dex-3}
 32291 | Spider:1 | Identified the +8 scimitar "Ussua" {slice, rElec rC+ Dex-3}
                  | (You found it on level 1 of the Spider Nest)
 32950 | Spider:2 | Reached skill level 10 in Necromancy
 34211 | Spider:3 | Reached skill level 11 in Spellcasting
 34421 | Spider:4 | Entered Level 4 of the Spider Nest
 34555 | Spider:4 | Paralysed by a hornet for 1 turns
 34622 | Spider:4 | Reached skill level 10 in Earth Magic
 35854 | Spider:4 | Reached XP level 18. HP: 151/151 MP: 0/33
 36521 | Spider:4 | Got a gossamer rune of Zot
 36884 | Swamp:1  | Entered Level 1 of the Swamp
 36999 | Swamp:1  | Reached skill level 10 in Charms
 37853 | Swamp:2  | Learned a level 6 spell: Deflect Missiles
 37859 | Swamp:2  | Learned a level 5 spell: Fireball
 37959 | Swamp:2  | Reached skill level 1 in Conjurations
 37966 | Swamp:2  | Noticed Louise
 37994 | Swamp:2  | Reached skill level 12 in Spellcasting
 38013 | Swamp:2  | Killed Louise
 38744 | Swamp:3  | Reached skill level 1 in Air Magic
 39258 | Swamp:3  | Paralysed by a hornet for 3 turns
 39928 | Swamp:4  | Entered Level 4 of the Swamp
 40861 | Swamp:4  | Reached XP level 19. HP: 157/157 MP: 31/35
 40900 | Swamp:4  | Reached skill level 5 in Conjurations
 40906 | Swamp:4  | Got a decaying rune of Zot
 41006 | Swamp:4  | Reached skill level 5 in Air Magic
 41040 | Swamp:4  | HP: 6/172 [seven-headed hydra (16)]
 41651 | Depths:2 | Noticed Nikola
 41674 | Depths:2 | Killed Nikola
 42597 | Depths:2 | Noticed Asterion
 42607 | Depths:2 | Killed Asterion
 42623 | Depths:2 | Noticed a hellephant
 42841 | Depths:2 | Reached skill level 13 in Spellcasting
 43119 | Elf:1    | Entered Level 1 of the Elven Halls
 43147 | Elf:1    | Found a radiant altar of Vehumet.
 43464 | Elf:1    | Found a bloodstained altar of Trog.
 43656 | Elf:1    | Found a ruined gateway.
 43671 | Elf:1    | Found a glowing silver altar of Zin.
 43671 | Elf:1    | Found a glowing golden altar of the Shining One.
 43671 | Elf:1    | Found a white marble altar of Elyvilon.
 43700 | Desolati | Entered the Desolation of Salt
 43774 | Desolati | Identified the ring "Heecvy" {MR+ Str+4}
 43776 | Desolati | Identified the +4 rapier of the Onslaught {freeze, rElec
                  | MR- Str+4}
 43788 | Desolati | Identified the amulet of Bodily Harmony {+Rage rN+ Str-5
                  | Slay+2}
 43976 | Desolati | Identified the ring "Keagofiw" {rF+ Str+3}
 44011 | Desolati | Identified the amulet of Prescription {Spirit rPois SInv}
 44012 | Desolati | Identified the cursed +3 demon blade "Waddecuu" {slice,
                  | *Noise rElec rC+++ MP+9}
 44028 | Desolati | Identified the +2 shortbow of the Final Realms {venom,
                  | rPois}
 44045 | Desolati | Identified the Papyrus of Burning Bewitchment
 44379 | Desolati | Identified the +3 rapier "Vyhilaet" {pierce, *Contam rElec
                  | rC+ MR+++}
 44406 | Desolati | Found the +12 Vampire's Tooth {vamp}
 44688 | Desolati | Reached skill level 1 in Stealth
 44808 | Elf:1    | Reached XP level 20. HP: 165/165 MP: 32/37
 45602 | Elf:2    | Found a magical portal.
 45652 | WizLab   | Entered Wucad Mu's Monastery
 45876 | WizLab   | Found the +9 staff of Wucad Mu {channel}
 46019 | WizLab   | Reached XP level 21. HP: 171/171 MP: 38/38
 46032 | Elf:2    | Reached skill level 10 in Air Magic
 46294 | Lair:1   | Identified the cursed +3 quarterstaff "Saneelus" {crush,
                  | *Contam rElec rPois Dex-5}
 46633 | Elf:2    | Found a runed translucent gate.
 46634 | Elf:2    | Found a runed translucent gate.
 46635 | Elf:2    | Found a runed translucent gate.
 46816 | Elf:1    | HP: 3/186 [+2 battleaxe of flaming (8)]
 47158 | Vaults:1 | Entered Level 1 of the Vaults
 47182 | Vaults:1 | Reached skill level 14 in Spellcasting
 47558 | Vaults:1 | Noticed Aizul
 47581 | Vaults:1 | Killed Aizul
 47921 | Vaults:1 | Reached skill level 5 in Stealth
 48075 | Vaults:1 | Found a runed translucent gate.
 48075 | Vaults:1 | Found a runed translucent gate.
 48075 | Vaults:1 | Found a runed translucent gate.
 49348 | Vaults:1 | Noticed KristoblXynda's ghost (adept DrGl)
 49348 | Vaults:1 | Noticed KristoblXynda's ghost (adept DrGl)
 49376 | Vaults:1 | Killed KristoblXynda's ghost
 49385 | Vaults:1 | Killed KristoblXynda's ghost
 50043 | Vaults:2 | Found Nasosouw's Antique Weapon Emporium.
 50058 | Vaults:2 | Reached XP level 22. HP: 179/179 MP: 40/40
 51276 | Vaults:3 | Reached skill level 15 in Spellcasting
 51306 | Vaults:3 | Reached skill level 10 in Conjurations
 51483 | Vaults:3 | Found Geim Ist's Armour Boutique.
 51483 | Vaults:3 | Found Xoxuwol's General Store.
 51502 | Vaults:3 | Found Hibah's Gadget Boutique.
 51533 | Vaults:3 | Bought a potion of curing for 69 gold pieces
 51533 | Vaults:3 | Bought a scroll of magic mapping for 80 gold pieces
 52288 | Vaults:3 | Found a staircase to the Crypt.
 52535 | Vaults:3 | Noticed Margery
 52567 | Vaults:3 | Killed Margery
 53149 | Vaults:4 | Reached XP level 23. HP: 191/191 MP: 39/42
 53301 | Vaults:4 | Identified the +2 arbalest "Micolost" {freeze, Dex+4}
 53301 | Vaults:4 | Identified the +8 arbalest of the Lame Duck {freeze,
                  | *Corrode MR+ Int+2}
 53396 | Vaults:4 | Noticed Mennas
 53419 | Vaults:4 | HP: 12/269 [Mennas/+5 trishula of holy wrath (28)]
 53419 | Vaults:4 | Mangled by Mennas

Levels and vault maps discovered:
D:1:      dpeg_arrival_pits, layout_loops_ring
D:2:      layout_basic, nicolae_overflow_hidden_temple, uniq_crazy_yiuf_cottage
D:3:      layout_basic, first_ration, lexackson_kobold_supper, uniq_natasha
D:4:      layout_basic, minmay_temple_entry_statues_fountains,
          gammafunk_ghost_smash, uniq_sigmund
D:5:      layout_gridville, uniq_eustachio
D:6:      layout_basic, nicolae_overflow_crystal_walls, zin_statuary,
          vehumet_statue, gup_sewer_entry_spiral
D:7:      layout_rooms, grunt_ogre_cave, grunt_gozag_statues
D:8:      layout_cave_pools, lair_entry_dummy, chequers_ossuary_entry_cave,
          uniq_pikel
D:9:      layout_roguey, serial_rivers, chequers_serial_rivers_small_3,
          chequers_serial_rivers_small_3, chequers_serial_rivers_micro_d,
          chequers_serial_rivers_micro_d, chequers_serial_rivers_room_a,
          ploomutoo_gammafunk_ghost_potion_laboratory
D:10:     layout_roguey, minmay_misc_feat_encased, kennysheep_generic_room_11
D:11:     layout_rooms, serial_shops, nicolae_shop_waterfront,
          nicolae_shop_stone, grunt_decor_resistance, minivault_28
D:12:     layout_cave_pools, erik_orc_1, gauntlet_entry_generic, serial_shops,
          shop
D:13:     gammafunk_cloud_chamber, layout_basic, david_vaults_4, serial_shops,
          shop_fountains, shop_statue, nicolae_shop_stone, shop, st_stairs_6,
          uniq_jorgrun
D:14:     layout_loops_corners, corexii_corridor_pit, tso_metal_star
D:15:     gammafunk_depths_entry_grave, layout_irregular_city, door_vault
Temple:   eino_narrow_crystal_temple
Lair:1:   layout_loops_ring, gammafunk_ghost_split, st_stairs_13,
          kennysheep_rathole, uniq_urug
Lair:2:   layout_long_grid, spider_nest_entry_a
Lair:3:   wad_woods_pond, layout_cave_pods
Lair:4:   layout_hall_layers, swamp_mist, disabler_island, serial_bayou_shore_b
Lair:5:   layout_roguey, slime_altar_1, special_room [special_room_bee]
Lair:6:   wormcave, layout_regular_city, hangedman_lair_in_review, serial_bayou,
          serial_bayou_lake_a, serial_bayou_pond_e, serial_bayou_shore_a,
          serial_bayou_shore_b, minmay_lair_oklob_chamber
Swamp:1:  layout_falls_marsh, hangedman_swamp_blocks, swamp_pool4,
          infiniplex_staircase_pool_2
Swamp:2:  layout_basic_swamp, serial_swamp_ruin, evilmike_swamp_ruin_rubble_1,
          hangedman_swamp_ruin_wall, swamp_pool4, uniq_louise
Swamp:3:  layout_falls_marsh, evilmike_swamp_ruin_house_4
Swamp:4:  swamp_basic_johnstein, layout_basic_swamp, swamp_pool2
Spider:1: layout_spider_delve, uniq_azrael, uniq_roxanne, uniq_frances
Spider:2: layout_spider_delve
Spider:3: layout_spider_delve, nicolae_spider_webbed_stairs
Spider:4: floodkiller_spider_rune_tomb
Orc:1:    nicolae_orc_accident_1, layout_diamond_mine,
          biasface_ghost_orc_armoury
Orc:2:    grunt_orc_community_town_hall, layout_diamond_mine,
          grunt_orc_community_big_house_2, grunt_orc_community_big_house_1,
          grunt_orc_community_house_3, grunt_orc_community_house_1,
          grunt_orc_community_house_2, grunt_orc_community_house_1,
          serial_shops, nicolae_shop_statue_plus, nicolae_shop_stone,
          nicolae_shop_trees, uniq_josephine
Elf:1:    eino_elf_arrival_altar, layout_loops_ring,
          portal_desolation_entry_holy_temple, minivault_28, minivault_16,
          evilmike_spriggan_trog_shrine
Elf:2:    layout_gridlike, lightli_enter_wizlab_magi_temple
Vaults:1: gammafunk_vaults_ghost_cemetery, vaults_dpeg_ring, vaults_room_boxed,
          ontoclasm_vaults_fault, nicolae_vaults_arrows,
          hangedman_vaults_restitches, vaults_dpeg_diagonal,
          nicolae_vaults_angled_halls, vaults_standard_mumra_x,
          vaults_room_grid, ontoclasm_vaults_ring_small, v_alt_pattern_5,
          nicolae_vaults_little_squares_2, nicolae_vaults_fighting_squares,
          layout_vaults_omnicross, uniq_aizul
Vaults:2: hangedman_vaults_variations, vaults_room_stairs_pillars, v_misc_22,
          ontoclasm_vaults_shuriken, v_rooms_4, dpeg_vaults_monster_box,
          nicolae_vaults_angled_halls, layout_vaults_omnigrid, serial_shops,
          nicolae_shop_competitors_out_of_business
Vaults:3: minmay_crypt_entry_simple_box, nicolae_vaults_inception_statues,
          hangedman_vaults_hard_town_square, ontoclasm_vaults_eye, v_misc_8,
          v_pattern_3, nicolae_vaults_angled_halls, nicolae_vaults_theta,
          vaults_mumra_minichess_inversion, ontoclasm_vaults_decontamination,
          nicolae_vaults_little_ls, layout_vaults_omnibox, uniq_margery
Vaults:4: nicolae_vaults_yaktaur_gun_rack, vaults_room_fours,
          nicolae_vaults_little_squares_1, vaults_room_door_hall,
          ontoclasm_vaults_misaligned, nicolae_vaults_shelves_hall,
          nicolae_vaults_puzzle_piece, v_misc_10, nicolae_vaults_triangles,
          vaults_dpeg_doors, layout_vaults_maze_snakey, uniq_mennas
Depths:1: layout_roguey, enter_ziggurat_c, hell_entry, minmay_fountain_box,
          rand_demon_pan_entry_5, chequers_serial_rivers_large_b,
          due_unseen_surprise, uniq_saint_roka
Depths:2: mu_elephants_graveyard, layout_cave_shapes, grunt_hell_entry_dis_mu,
          nrook_campfire, kennysheep_another_room, moated_statue,
          chequers_serial_rivers_micro_c, infiniplex_staircase_zigzag_2,
          uniq_nikola, uniq_asterion

Skill      XL: |  1  2  3  4  5  6  7  8  9 10 11 12 13 14 15 16 17 18 19 20 21 22 23 |
---------------+----------------------------------------------------------------------+-----
Throwing       | 2 |  2.0
Dodging        | 3 4 5 6 7 8 9 10 11 12 13 | 13.5
Long Blades    | 4 5 6 7 8 10 11 12 13 14 | 14.0
Fighting       | 3 4 5 6 9 10 11 12 13 | 13.0
Shields        | 1 2 3 5 6 8 9 10 11 12 | 12.3
Evocations     | 4 6 8 10 11 | 11.4
Transmutations | 2 5 8 10 11 13 | 13.0
Spellcasting   | 3 6 8 9 10 11 12 13 14 15 | 15.8
Necromancy     | 4 7 9 10 | 10.0
Earth Magic    | 1 6 8 10 | 10.0
Charms         | 5 7 9 10 | 10.0
Conjurations   | 4 8 9 10 | 10.0
Air Magic      | 4 8 9 10 | 10.6
Stealth        | 1 2 5 |  5.0

Action                   |  1- 3 |  4- 6 |  7- 9 | 10-12 | 13-15 | 16-18 | 19-21 | 22-24 || total
-------------------------+-------+-------+-------+-------+-------+-------+-------+-------++-------
Melee: Long sword        |    90 |   173 |   389 |   539 |  1436 |   652 |       |       ||  3279
       Tailslap          |    12 |    27 |    63 |    79 |   266 |   366 |   201 |   101 ||  1115
       Unarmed           |       |       |     6 |       |       |       |       |       ||     6
       Scimitar          |       |       |       |       |       |  1372 |  1281 |   605 ||  3258
       Headbutt          |       |       |       |       |       |   323 |   288 |   153 ||   764
Throw: Throwing net      |     1 |     1 |       |       |       |     1 |       |       ||     3
 Cast: Petrify           |       |       |       |       |     7 |    84 |    38 |     4 ||   133
       Statue Form       |       |       |       |       |       |    33 |    45 |    22 ||   100
       Regeneration      |       |       |       |       |       |    12 |    17 |       ||    29
       Fireball          |       |       |       |       |       |       |     1 |       ||     1
Invok: Curse Item        |       |       |       |     2 |     2 |     4 |     3 |       ||    11
       Scrying           |       |       |       |       |     1 |       |       |       ||     1
 Abil: Breathe Steam     |       |       |    18 |    39 |    97 |    45 |     5 |       ||   204
Evoke: Wand              |       |       |     1 |    13 |    28 |    15 |     7 |     2 ||    66
       Lamp of fire      |       |       |       |     1 |     4 |     2 |       |     2 ||     9
       Sack of spiders   |       |       |       |       |       |       |     1 |       ||     1
  Use: Scroll            |     3 |     3 |    13 |     7 |    12 |    13 |    10 |     2 ||    63
       Potion            |       |       |       |     9 |     5 |     6 |     5 |       ||    25
 Stab: Sleeping          |     3 |     3 |     6 |     2 |     1 |    11 |    17 |     5 ||    48
       Paralysed         |       |       |       |     4 |    66 |     1 |       |       ||    71
       Petrified         |       |       |       |       |    17 |    64 |    22 |     6 ||   109
       Petrifying        |       |       |       |       |     1 |    15 |     4 |     2 ||    22
       Held in net/web   |       |       |       |       |       |     2 |       |       ||     2
       Confused          |       |       |       |       |       |     3 |       |       ||     3
       Distracted        |       |       |       |       |       |       |     2 |       ||     2
  Eat: Chunk             |     2 |     6 |    10 |    14 |    19 |    38 |    30 |    20 ||   139
       Ration            |     1 |       |     2 |     3 |    11 |    11 |     7 |       ||    35
Armor: Skin              |    25 |    88 |   139 |   109 |   255 |   783 |   506 |   270 ||  2175
Dodge: Dodged            |    47 |   172 |   281 |   220 |   891 |  2077 |  1107 |   706 ||  5501
       Deflected         |       |       |       |       |       |    13 |    59 |    26 ||    98
Block: Shield            |       |       |    34 |   118 |       |       |       |       ||   152
       Buckler           |       |       |       |    92 |   591 |  1280 |   714 |   444 ||  3121
       Rpst.: Long sword |    17 |    39 |    80 |    63 |   231 |   110 |       |       ||   540
       Scimitar          |       |       |       |       |       |   352 |   217 |   163 ||   732

Table legend:
 A = Non-vault XP
 B = Vault XP
 C = Vault XP percentage of total XP
 D = Non-vault monster count
 E = Vault monster count
 F = Vault count percentage of total count
                 A         B        C        D         E       F
            +---------+---------+-------+---------+---------+-------
      Total |  404264 |  331628 |  45.1 |    1107 |     695 |  38.6
            +---------+---------+-------+---------+---------+-------
        D:1 |      25 |       0 |   0.0 |      16 |       0 |   0.0
        D:2 |      52 |      37 |  41.6 |      19 |       1 |   5.0
        D:3 |      68 |      48 |  41.4 |      13 |       9 |  40.9
        D:4 |     126 |     220 |  63.6 |      14 |       1 |   6.7
        D:5 |     280 |     202 |  41.9 |      10 |       1 |   9.1
        D:6 |     775 |      56 |   6.7 |      20 |       6 |  23.1
        D:7 |     515 |     125 |  19.5 |      20 |       1 |   4.8
        D:8 |     756 |     685 |  47.5 |      15 |       1 |   6.2
        D:9 |    2385 |    6450 |  73.0 |      12 |      13 |  52.0
       D:10 |    4555 |     760 |  14.3 |      35 |       2 |   5.4
       D:11 |    1571 |    4378 |  73.6 |      17 |      12 |  41.4
       D:12 |    5172 |     781 |  13.1 |      28 |      18 |  39.1
       D:13 |    6518 |   10313 |  61.3 |      33 |      13 |  28.3
       D:14 |   12950 |       0 |   0.0 |      48 |       0 |   0.0
       D:15 |   23719 |    4197 |  15.0 |      52 |       8 |  13.3
     Lair:1 |    1450 |    4663 |  76.3 |       7 |      27 |  79.4
     Lair:2 |    1990 |     595 |  23.0 |      14 |       2 |  12.5
     Lair:3 |    4017 |     213 |   5.0 |      16 |       1 |   5.9
     Lair:4 |    5738 |    1251 |  17.9 |      18 |       3 |  14.3
     Lair:5 |    5186 |    2190 |  29.7 |      19 |      20 |  51.3
     Lair:6 |    5011 |   21559 |  81.1 |      16 |      52 |  76.5
    Swamp:1 |    6779 |       0 |   0.0 |      23 |       0 |   0.0
    Swamp:2 |   11789 |    1696 |  12.6 |      22 |       1 |   4.3
    Swamp:3 |   18255 |       0 |   0.0 |      37 |       0 |   0.0
    Swamp:4 |   14481 |   20395 |  58.5 |      39 |      30 |  43.5
   Spider:1 |   15249 |    5989 |  28.2 |      43 |       7 |  14.0
   Spider:2 |   20924 |       0 |   0.0 |      59 |       0 |   0.0
   Spider:3 |   17633 |       0 |   0.0 |      43 |       0 |   0.0
   Spider:4 |   13784 |   34147 |  71.2 |      39 |      70 |  64.2
      Orc:1 |    2754 |    5361 |  66.1 |      35 |      19 |  35.2
      Orc:2 |    3847 |    8973 |  70.0 |      34 |      69 |  67.0
      Elf:1 |   22771 |   18455 |  44.8 |      34 |      26 |  43.3
      Elf:2 |   10719 |    1772 |  14.2 |      16 |       2 |  11.1
   Vaults:1 |   28395 |   45805 |  61.7 |      45 |      66 |  59.5
   Vaults:2 |   25326 |   15907 |  38.6 |      47 |      23 |  32.9
   Vaults:3 |   44199 |   36259 |  45.1 |      59 |      41 |  41.0
   Vaults:4 |   21091 |   13139 |  38.4 |      33 |      19 |  36.5
   Depths:1 |   22135 |   13249 |  37.4 |      28 |      22 |  44.0
   Depths:2 |   21274 |   13939 |  39.6 |      29 |      10 |  25.6
      Sewer |       0 |     289 | 100.0 |       0 |      19 | 100.0
    Ossuary |       0 |     151 | 100.0 |       0 |      16 | 100.0
     WizLab |       0 |    1155 | 100.0 |       0 |       1 | 100.0
 Desolation |       0 |   32744 | 100.0 |       0 |      53 | 100.0
   Gauntlet |       0 |    3480 | 100.0 |       0 |      10 | 100.0
            +---------+---------+-------+---------+---------+-------
